 Dungeon Crawl Stone Soup version 0.19.0-20-gbc5f0c6 (webtiles) character file.

5670 Malachi the Artisan of Death (level 10, -8/74 HPs)
             Began as a Demonspawn Necromancer on Nov 17, 2016.
             Was a Priest of Kikubaaqudgha.
             Mangled by a vampire (13 damage)
             ... on level 8 of the Dungeon.
             The game lasted 00:25:40 (13215 turns).

Malachi the Artisan of Death (DsNe)                Turns: 13215, Time: 00:25:41

Health: -8/74      AC:  7    Str: 14    XL:     10   Next: 47%
Magic:  0/20       EV: 16    Int: 17    God:    Kikubaaqudgha [***...]
Gold:   620        SH:  0    Dex: 20    Spells: 3 memorised, 15 levels left

rFire  . . .     SeeInvis .     h - +1 short sword (speed)
rCold  + . .     Gourm    .     H - +0 robe {MR+}
rNeg   . . .     Faith    .     (no shield)
rPois  .         Spirit   +     q - +1 hat
rElec  .         Reflect  .     d - +0 cloak
rCorr  .         Harm     .     (no gloves)
MR     +....                    r - +0 pair of boots
Stlth  +++.......               a - amulet of magic regeneration
                                o - +1 ring of protection
                                j - +6 ring of dexterity

@: mighty, regenerating
A: fangs 1, hooves 2, cold resistance 1, dopey 1, shaggy fur 1, magic shield
a: Receive Corpses, Renounce Religion


You were on level 8 of the Dungeon.
You worshipped Kikubaaqudgha.
Kikubaaqudgha was most pleased with you.
You were near starving.

You visited 2 branches of the dungeon, and saw 10 of its levels.

You collected 620 gold pieces.

Inventory:

Hand Weapons
 h - a +1 short sword of speed (weapon)
 p - a +2 dagger of draining
Armour
 d - a +0 cloak (worn)
 q - a +1 hat (worn)
 r - a +0 pair of boots (worn)
 H - a +0 robe of magic resistance (worn)
Jewellery
 a - an amulet of magic regeneration (around neck)
 j - a +6 ring of dexterity (left hand)
 m - a cursed ring of teleportation
 o - a +1 ring of protection (right hand)
Wands
 s - a wand of disintegration (0/24)
 x - a wand of digging (14/24)
 y - a wand of acid (0/15)
 B - a wand of flame (10/48)
 M - a wand of digging (7/24)
Scrolls
 f - 9 scrolls of teleportation
 g - a scroll of identify
 k - 5 scrolls of remove curse
 l - 2 scrolls of enchant weapon
 z - a scroll of fear
Potions
 i - a potion of flight
 n - 2 potions of lignification
 t - 2 potions of curing
 v - 2 potions of might
 D - a potion of agility
 F - a potion of cancellation
 G - a potion of heal wounds
 K - a potion of magic
Books
 b - a book of Necromancy

   Spells                             Type                      Level
   a - Pain                           Necromancy                   1
   b - Animate Skeleton               Necromancy                   1
   c - Vampiric Draining              Necromancy                   3
   d - Regeneration                   Charms/Necromancy            3
   e - Animate Dead                   Necromancy                   4
   f - Control Undead                 Necromancy                   4
 e - a book of Conjurations

   Spells                             Type                      Level
   a - Magic Dart                     Conjuration                  1
   b - Searing Ray                    Conjuration                  2
   c - Dazzling Spray                 Conjuration/Hexes            3
   d - Fulminant Prism                Conjuration/Hexes            4
   e - Iskenderun's Mystic Blast      Conjuration                  4
   f - Iskenderun's Battlesphere      Conjuration/Charms           5
 u - a book of Maledictions

   Spells                             Type                      Level
   a - Corona                         Hexes                        1
   b - Ensorcelled Hibernation        Hexes/Ice                    2
   c - Confuse                        Hexes                        3
   d - Tukima's Dance                 Hexes                        3
   e - Dazzling Spray                 Conjuration/Hexes            3
 A - a book of Minor Magic

   Spells                             Type                      Level
   a - Magic Dart                     Conjuration                  1
   b - Blink                          Translocation                2
   c - Call Imp                       Summoning                    2
   d - Repel Missiles                 Charms/Air                   2
   e - Slow                           Hexes                        2
   f - Conjure Flame                  Conjuration/Fire             3
   g - Mephitic Cloud                 Conjuration/Poison/Air       3
 C - Kikubaaqudgha's Tome of Unholy Rituals
   (Kikubaaqudgha gifted it to you on level 6 of the Dungeon)

   Spells                             Type                      Level
   a - Pain                           Necromancy                   1
   b - Corpse Rot                     Necromancy                   2
   c - Sublimation of Blood           Necromancy                   2
   d - Vampiric Draining              Necromancy                   3
   e - Control Undead                 Necromancy                   4
 L - a Young Poisoner's Handbook

   Spells                             Type                      Level
   a - Sting                          Conjuration/Poison           1
   b - Mephitic Cloud                 Conjuration/Poison/Air       3
   c - Olgreb's Toxic Radiance        Poison                       4
   d - Alistair's Intoxication        Transmutation/Poison         5
   e - Venom Bolt                     Conjuration/Poison           5
Comestibles
 c - 4 bread rations
 w - 5 meat rations


   Skills:
 + Level 5.1 Fighting
 + Level 7.6 Short Blades
 + Level 5.5 Dodging
 + Level 4.3 Stealth
 + Level 6.9 Spellcasting
 + Level 1.0 Charms
 + Level 8.6 Necromancy
 + Level 1.0 Evocations


You had 15 spell levels left.
You knew the following spells:

 Your Spells              Type           Power        Failure   Level  Hunger
a - Pain                  Necr           ####         1%          1    None
b - Vampiric Draining     Necr           #####.....   1%          3    ##.....
c - Regeneration          Chrm/Necr      ###.......   6%          3    ##.....


Dungeon Overview and Level Annotations

Branches:
Dungeon (9/15)             Temple (1/1) D:4
   Lair: D:8-11         Orc: D:9-12

Altars:
Ashenzari
Cheibriados
Dithmenos
Elyvilon
Fedhas
Gozag
Hepliaklqana
Kikubaaqudgha
Makhleb
Nemelex Xobeh
Okawaru
Qazlal
Ru
Sif Muna
Trog
Uskayaw
Vehumet
Xom
Yredelemnul
Zin
The Shining One


Innate Abilities, Weirdness & Mutations

You have hoof-like feet.
Your flesh is cold resistant. (rC+)
When hurt, damage is shared between your health and your magic reserves.
You have very sharp teeth.
You are dopey. (Int -2)
You are covered in fur. (AC +1)


Message History

The vampire is lightly damaged.
Casting: Regeneration
Confirm with . or Enter, or press ? or * to list all spells.
Your skin crawls.
The vampire misses you. The vampire bites you.
The vampire draws strength from your injuries!
An orc comes into view.
The orc shouts!
You hit the vampire.
The vampire is lightly damaged.
The vampire hits you!
* * * LOW HITPOINT WARNING * * *
The vampire bites you!
* * * LOW HITPOINT WARNING * * *
The vampire draws strength from your injuries!
The vampire casts a spell.
The vampire flickers and vanishes!
Deactivating autopickup; reactivate with Ctrl-A.
Something hits you!
You die...
Kikubaaqudgha rasps: "You have failed me!
Welcome... death!"

......#..............# ##...#....
...).................## #........
......................# #........
.......###.o.##.......###........
.......# ##...####.............##
.......# ##...# ##.........####
.......## ##..###..........#
#.......# ##.>#...........#
#.......## ##.@<..........#
.........# ##.............#
###...#..## ##...##.........# #
#.#.###.###..######.......#
####.###.#.### ###.#...#### ###
##.## ##.......# ### ##..#####
####


You could see an orc.

Vanquished Creatures
  Pikel (D:8)
  Maurice (D:8)
  Psyche (D:8)
  Grinder (D:5)
  Sigmund (D:3)
  A wyvern (D:8)
  2 hungry ghosts
  Edmund (D:6)
  3 water moccasins
  2 orc warriors
  2 phantoms (D:4)
  A sky beast (D:6)
  An ice beast (D:7)
  A necrophage (D:7)
  2 ogres
  3 centaurs
  8 bullfrogs
  2 big kobolds
  3 scorpions
  6 killer bees (D:7)
  3 wights
  A howler monkey (D:4)
  5 crimson imps
  2 hounds
  Crazy Yiuf (D:3)
  A centaur skeleton (D:4)
  5 orc priests
  2 jellies
  Jessica (D:3)
  An iguana (D:4)
  5 worker ants
  9 orc wizards
  Robin (D:2)
  12 adders
  2 shadow imps
  2 oozes
  2 adder zombies
  3 adder skeletons (D:4)
  3 worms
  3 dart slugs
  3 leopard geckos
  20 orcs
  6 giant cockroaches
  20 goblins
  9 hobgoblins
  13 jackals
  24 kobolds
  3 quokkas
  3 ball pythons
  10 bats
  2 frilled lizards
  3 jackal skeletons
  A leopard gecko skeleton (D:7)
  8 rats
232 creatures vanquished.

Vanquished Creatures (others)
  4 slaves (D:8)
  3 orc priests (D:8)
  A centaur skeleton (D:8)
  2 orcs (D:8)
10 creatures vanquished.

Grand Total: 242 creatures vanquished

Notes
Turn   | Place    | Note
-------+----------+-------------------------------------------
     0 | D:1      | Malachi the Demonspawn Necromancer began the quest for the Orb.
     0 | D:1      | Reached XP level 1. HP: 13/13 MP: 3/3
   679 | D:1      | Gained mutation: Your flesh is cold resistant. (rC+) [demonic ancestry]
   679 | D:1      | Reached XP level 2. HP: 16/19 MP: 5/5
  1380 | D:1      | Reached skill level 5 in Necromancy
  1780 | D:1      | Reached XP level 3. HP: 22/25 MP: 6/6
  2191 | D:2      | Reached skill level 1 in Short Blades
  2438 | D:2      | Learned a level 3 spell: Vampiric Draining
  3333 | D:2      | Reached skill level 1 in Fighting
  3333 | D:2      | Reached XP level 4. HP: 21/32 MP: 0/7
  3745 | D:2      | Noticed Robin
  3773 | D:2      | Killed Robin
  4012 | D:2      | Reached XP level 5. HP: 28/37 MP: 4/8
  4045 | D:3      | Found an iron altar of Okawaru.
  4232 | D:3      | Noticed Jessica
  4248 | D:3      | Killed Jessica
  4453 | D:3      | Noticed Sigmund
  4480 | D:3      | Killed Sigmund
  4480 | D:3      | Reached XP level 6. HP: 29/44 MP: 2/10
  4928 | D:3      | Found a runed door.
  4932 | D:3      | Noticed Crazy Yiuf
  4946 | D:3      | Killed Crazy Yiuf
  5545 | D:4      | Gained mutation: You have large cloven feet. [demonic ancestry]
  5545 | D:4      | Reached XP level 7. HP: 36/50 MP: 2/11
  5740 | D:4      | Reached skill level 6 in Necromancy
  5763 | D:4      | Found a sand-covered staircase.
  6059 | D:4      | Found a staircase to the Ecumenical Temple.
  6697 | Temple   | Entered the Ecumenical Temple
  6922 | Temple   | Became a worshipper of Kikubaaqudgha
  6976 | D:5      | Entered Level 5 of the Dungeon
  7106 | D:5      | Noticed Grinder
  7139 | D:5      | Learned a level 3 spell: Regeneration
  7148 | D:5      | Killed Grinder
  7148 | D:5      | Reached skill level 5 in Short Blades
  7148 | D:5      | Gained mutation: You have hoof-like feet. [demonic ancestry]
  7148 | D:5      | Reached XP level 8. HP: 51/57 MP: 10/13
  7838 | D:5      | Found a bloodstained altar of Trog.
  7838 | D:5      | Found a glowing silver altar of Zin.
  9077 | D:6      | Noticed Edmund
  9088 | D:6      | Killed Edmund
  9411 | D:6      | Reached skill level 5 in Spellcasting
  9411 | D:6      | Reached skill level 7 in Necromancy
  9411 | D:6      | Reached XP level 9. HP: 25/64 MP: 3/16
  9437 | D:6      | Reached skill level 1 in Evocations
  9831 | D:6      | Reached * piety under Kikubaaqudgha
  9831 | D:6      | Identified Kikubaaqudgha's Tome of Unholy Rituals (Kikubaaqudgha gifted it to you on level 6 of the Dungeon)
  9831 | D:6      | Received a gift from Kikubaaqudgha
 10347 | D:7      | Reached ** piety under Kikubaaqudgha
 10818 | D:8      | Noticed Pikel
 10831 | D:8      | Killed Pikel
 10831 | D:8      | Reached skill level 5 in Dodging
 11009 | D:8      | Reached skill level 1 in Charms
 11009 | D:8      | Reached skill level 8 in Necromancy
 11046 | D:8      | Found a deep blue altar of Sif Muna.
 11093 | D:8      | Gained mutation: When hurt, damage is shared between your health and your magic reserves. [demonic ancestry]
 11093 | D:8      | Reached XP level 10. HP: 34/72 MP: 12/19
 11265 | D:8      | Noticed Psyche
 11269 | D:8      | Killed Psyche
 11726 | D:8      | Noticed Maurice
 11792 | D:8      | Killed Maurice
 12698 | D:9      | Reached skill level 5 in Fighting
 13005 | D:9      | Found a radiant altar of Vehumet.
 13005 | D:9      | Found a faded altar of an unknown god.
 13010 | D:9      | Found a faded altar of an unknown god.
 13013 | D:9      | Found a faded altar of an unknown god.
 13015 | D:9      | Found a faded altar of an unknown god.
 13106 | D:9      | Reached *** piety under Kikubaaqudgha
 13106 | D:9      | Identified Kikubaaqudgha's Catalogue of Black Secrets (Kikubaaqudgha gifted it to you on level 9 of the Dungeon)
 13106 | D:9      | Received a gift from Kikubaaqudgha
 13109 | D:9      | Gained mutation: You have very sharp teeth. [potion of mutation]
 13109 | D:9      | Gained mutation: You are dopey. (Int -2) [potion of mutation]
 13109 | D:9      | Gained mutation: You are covered in fur. (AC +1) [potion of mutation]
 13212 | D:8      | HP: 1/74 [vampire (9)]
 13215 | D:8      | Mangled by a vampire

Skill      XL: |  1  2  3  4  5  6  7  8  9 10 |
---------------+-------------------------------+-----
Stealth        | 2 3 4 |  4.3
Necromancy     | 5 6 7 8 |  8.6
Short Blades   | 1 2 3 5 7 |  7.6
Dodging        | 2 3 4 5 |  5.5
Fighting       | 1 2 3 4 5 |  5.1
Spellcasting   | 3 5 6 |  6.9
Evocations     | 1 |  1.0
Charms         | 1 |  1.0

Action                   |  1- 3 |  4- 6 |  7- 9 | 10-12 || total
-------------------------+-------+-------+-------+-------++-------
Melee: Short sword       |   181 |   180 |   705 |   312 ||  1378
       Unarmed           |     3 |       |       |       ||     3
       Bite              |       |       |       |     5 ||     5
 Cast: Pain              |    18 |     1 |       |     2 ||    21
       Vampiric Draining |     1 |    17 |    57 |    16 ||    91
       Regeneration      |       |       |     5 |     4 ||     9
Evoke: Wand              |       |       |     9 |       ||     9
  Use: Potion            |       |     1 |     2 |     6 ||     9
       Scroll            |       |     9 |    11 |       ||    20
 Stab: Sleeping          |     1 |     6 |     5 |     4 ||    16
       Distracted        |     1 |       |     1 |       ||     2
  Eat: Chunk             |     7 |     9 |    16 |     6 ||    38
       Fruit             |     1 |       |     2 |     4 ||     7
       Bread ration      |       |       |     1 |       ||     1
       Beef jerky        |       |       |       |     1 ||     1
Armor: Robe              |    26 |    27 |    91 |    36 ||   180
Dodge: Dodged            |   104 |    87 |   341 |   143 ||   675
